AoeStats
← Ke Wai Gon

Arabia

503173573Analyzed
1v1 RM · 11d ago on Aug 30, 2026· 30m 10s· 2 players
Game mode
Random Map
Map size
Tiny (2 player)
Population
200
Speed
Normal
Resources
Standard
Victory
Conquest
Starting age
Dark Age
Ending age
Imperial Age
RankedLock teamsTeams togetherTeam positionsShared explorationLock speedFull tech treeHidden civsTurbo modeCheats
Victory
Defeat
🇪🇸 Sicilians · Spain
818
+16
🇨🇱 Byzantines · Chile
824
-16
Ke Wai Gon
2:38 Loom
12:16 Feudal Age
13:35 Wheelbarrow
12:46 Town Watch
12:49 Double-Bit Axe
20:29 Horse Collar
24:34 Castle Age
23:52 Fletching
29:57 Hand Cart
30:01 Bow Saw
29:54 Heavy Plow
Sir Lilo
11:12 Feudal Age
15:27 Double-Bit Axe
16:00 Loom
20:13 Castle Age
Connection lost

Rejoining the realm…

Still unreachable

The connection could not be restored.

Session expired

The server has moved on; the page needs a fresh start.